 Dungeon Crawl Stone Soup version 0.28.0-53-g5a82cb258f (webtiles) character file.

Game seed: 8742784081577095326

1223 Sin92 the Skirmisher (level 8, -1/59 HPs)
             Began as a Djinni Fighter on June 30, 2022.
             Slain by a steam dragon (3 damage)
             ... on level 6 of the Dungeon.
             The game lasted 00:06:10 (5815 turns).

Sin92 the Skirmisher (Djinni Fighter)               Turns: 5815, Time: 00:06:11

Health: -1/59      AC:  8    Str: 17    XL:     8   Next: 76%
Gold:   55         EV:  9    Int:  9    God:
                   SH:  5    Dex: 14

rFire   + + .      SeeInvis .   e - +1 spear (freeze)
rCold   x . .      Faith    .   c - +0 buckler
rNeg    . . .      Spirit   .   b - +0 scale mail
rPois   ∞          Reflect  .   (no helmet)
rElec   .          Harm     .   g - +0 cloak
rCorr   .          Rampage  .   (no gloves)
Will    .....                   (boots unavailable)
Stlth   ..........              (no amulet)
HPRegen 0.19/turn               (no ring)
MPRegen 0.00/turn               (no ring)

@: flying
A: sickness immunity, fire resistance 2, cold vulnerability 1, float, innate
caster, HP casting, extra vitality 1
a: no special abilities


You were on level 6 of the Dungeon.
You visited 1 branch of the dungeon, and saw 6 of its levels.

You collected 107 gold pieces.
You spent 52 gold pieces at shops.

Inventory:

Hand Weapons
 a - a +0 long sword
 e - a +1 spear of freezing (weapon)
Armour
 b - a +0 scale mail (worn)
 c - a +0 buckler (worn)
 g - a +0 cloak (worn)
Wands
 k - a wand of iceblast (4)
 l - a wand of flame (21)
Scrolls
 f - 3 scrolls of teleportation
 i - 3 scrolls of identify
 m - a scroll of holy word
Potions
 d - 2 potions of might
 h - 2 potions of degeneration
 j - a potion of magic


   Skills:
 + Level 5.0 Fighting
 - Level 1.7 Long Blades
 * Level 4.5 Polearms
 + Level 5.0 Armour
 + Level 5.0 Shields
 + Level 2.6 Spellcasting


You had 6 spell levels left.
You knew the following spells:

 Your Spells              Type           Power      Damage    Failure   Level
a - Pain                  Necr           24%        1d5       38%         1
b - Ensorcelled Hibernat  Hex/Ice        12%        N/A       54%         2
c - Portal Projectile     Hex/Tloc       12%        N/A       77%         3
Your spell library was empty.

Dungeon Overview and Level Annotations

Branches:
Dungeon (6/15)             Temple (0/1) D:4

Altars:
Hepliaklqana
Nemelex Xobeh
Uskayaw
Zin

Shops:
D:3 (:[*!   D:5 *(::


Innate Abilities, Weirdness & Mutations

You are immune to sickness and miasma.
You are immune to poison.
Your flesh is very heat resistant. (rF++)
You are vulnerable to cold. (rC-)
You float through the air rather than walking.
You learn spells naturally, not from books.
Your magical power is your life essence.
You have superior vitality. (+4 MHP)


Message History

You are too injured to fight recklessly!
Unknown command.
You are too injured to fight recklessly!
Unknown command.
You are too injured to fight recklessly!
Unknown command.
You are too injured to fight recklessly!
As you read the scroll labelled ODEFUE FYUCSOF, it crumbles to dust.
The scroll dissolves into smoke.
It was a scroll of fog.
The steam dragon bites you. You block the steam dragon's attack.
The steam dragon bites you. The steam dragon completely misses you.
The steam dragon breathes steam at you. The ball of steam hits you. You resist.
Unknown command.
You hit the steam dragon. You freeze the steam dragon.
The steam dragon is moderately wounded.
The steam dragon bites you.
The steam dragon claws you but does no damage.
You hit the steam dragon. You freeze the steam dragon.
The steam dragon is heavily wounded.
You block the steam dragon's attack.
The steam dragon claws you but does no damage.
The steam dragon bites you.
* * * LOW HITPOINT WARNING * * *
You block the steam dragon's attack.
You closely miss the steam dragon.
The steam dragon is heavily wounded.
The steam dragon barely misses you. The steam dragon claws you.
* * * LOW HITPOINT WARNING * * *
The steam dragon breathes steam at you. The ball of steam hits you. You resist.
* * * LOW HITPOINT WARNING * * *
The steam dragon breathes steam at you.
The ball of steam hits the steam dragon!
The steam dragon resists.
The ball of steam hits you! You resist.
* * * LOW HITPOINT WARNING * * *
The steam dragon bites you.
* * * LOW HITPOINT WARNING * * *
The steam dragon claws you.
You die...

.............
#............
#..........>.
#............
#...§§§....(.
#...§§§§[....
#######D########## ###
#....§#D§§+..........#..
#....§§@§§#..........#..
##..###§..##.........#..
#..###§..##..##.....##.
#.....§..##..##.....##.
#...................+.)
#...................#..
#..##....##..##......#.
#..##....##..##........
#..#......#..........##


You could see 2 steam dragons.

Vanquished Creatures
  Menkaure (D:5)
  A black bear (D:4)
  A sky beast (D:5)
  An ice beast (D:5)
  A necrophage (D:5)
  3 scorpions
  A water moccasin zombie (D:6)
  A howler monkey (D:5)
  An orc priest (D:3)
  A bullfrog zombie (D:6)
  2 centaur skeletons (D:4)
  5 hounds
  Natasha (D:4)
  2 gnolls (D:2)
  5 adders
  A white imp (D:6)
  3 worms
  2 dart slugs
  4 orcs
  6 ball pythons
  10 endoplasms
  6 giant cockroaches
  2 hobgoblins
  7 jackals
  10 kobolds
  3 quokkas
  3 bats
  A frilled lizard (D:2)
  3 goblins
  A rat (D:1)
89 creatures vanquished.

Notes
Turn   | Place    | Note
-------+----------+-------------------------------------------
     0 | D:1      | Sin92 the Djinni Fighter began the quest for the Orb.
     0 | D:1      | Reached XP level 1. HP: 20/20 MP: 0/0
   221 | D:1      | Reached XP level 2. HP: 19/25 MP: 0/0
   729 | D:2      | Reached skill level 1 in Polearms
   729 | D:2      | Reached XP level 3. HP: 30/30 MP: 0/0
   729 | D:2      | Learned a level 1 spell: Pain
   998 | D:2      | Reached XP level 4. HP: 35/35 MP: 0/0
  1237 | D:2      | Found a hide-covered altar of Uskayaw.
  1513 | D:2      | Reached XP level 5. HP: 36/40 MP: 0/0
  1513 | D:2      | Learned a level 2 spell: Ensorcelled Hibernation
  1553 | D:2      | Reached skill level 1 in Spellcasting
  1835 | D:3      | Found Bafeav's Distillery.
  1864 | D:3      | Found Omacyem's Assorted Antiques.
  1927 | D:3      | Found Faujig's Antique Armour Shop.
  1958 | D:3      | Found a glowing silver altar of Zin.
  1958 | D:3      | Found a hide-covered altar of Uskayaw.
  2185 | D:3      | Found Yjae's Book Boutique.
  2273 | D:3      | Found a faded altar of an unknown god.
  2400 | D:3      | Found Ohum's Weapon Shoppe.
  2460 | D:3      | Found a sparkling altar of Nemelex Xobeh.
  2673 | D:3      | Found a faded altar of an unknown god.
  2677 | D:3      | Found a hazy altar of Hepliaklqana.
  2845 | D:4      | Reached XP level 6. HP: 46/47 MP: 0/0
  3089 | D:4      | Found a staircase to the Ecumenical Temple.
  3150 | D:4      | Noticed a black bear
  3153 | D:4      | Noticed Natasha
  3158 | D:4      | Killed a black bear
  3159 | D:4      | Reached XP level 7. HP: 50/52 MP: 0/0
  3159 | D:4      | Learned a level 3 spell: Portal Projectile
  3166 | D:4      | Killed Natasha
  3463 | D:5      | Entered Level 5 of the Dungeon
  3463 | D:5      | Found Iffow's Book Shoppe.
  3546 | D:5      | Found Rekev's Book Shoppe.
  3548 | D:5      | Noticed Menkaure
  3549 | D:5      | Found Engimurph's Assorted Antiques.
  3562 | D:5      | Killed Menkaure
  3931 | D:5      | Found Weffatuf's Weapon Shoppe.
  3944 | D:5      | Bought a scroll labelled REYCUVUSOTH for 26 gold pieces
  3944 | D:5      | Bought a scroll labelled IVUIMY XIREAWKI for 26 gold pieces
  4005 | D:5      | Reached XP level 8. HP: 15/58 MP: 0/0
  5326 | D:6      | Reached skill level 5 in Fighting
  5402 | D:6      | Reached skill level 5 in Armour
  5629 | D:6      | Reached skill level 5 in Shields
  5815 | D:6      | HP: 2/59 [steam dragon (2)]
  5815 | D:6      | Slain by a steam dragon

Illustrated notes

Levels and vault maps discovered:
D:1:      lightli_iron_boxes, layout_basic
D:2:      layout_loops_cross, basic_altar, minmay_misc_feat_roman,
          minmay_door_square, nicolae_concentric_dashed_squares_mild
D:3:      layout_loops_corners, grunt_temple_overflow_open,
          nicolae_overflow_crystal_walls, nicolae_overflow_ecumenical_swirl,
          shapermc_ecumenical_altar_petra, serial_shops,
          nicolae_shop_overgrown_old_shop, nicolae_shop_crystal,
          nicolae_shop_behind_doors, shop, shop, corexii_hall_statues_i
D:4:      layout_cave_pools, minmay_temple_entry_drinking_statues, uniq_natasha
D:5:      layout_cave_pods, minmay_shop_grid_forest, uniq_menkaure
D:6:      layout_gridville, minivault_25, amethyst_killhole

Skill      XL: |  1  2  3  4  5  6  7  8 |
---------------+-------------------------+-----
Polearms       | 1 2 3 4 |  4.5
Spellcasting   | 1 2 |  2.6
Fighting       | 4 5 |  5.0
Shields        | 4 5 |  5.0
Armour         | 4 5 |  5.0
Long Blades    | |  1.7

Action                   |  1- 3 |  4- 6 |  7- 9 || total
-------------------------+-------+-------+-------++-------
Melee: Spear             |    58 |   125 |   188 ||   371
  Use: Scroll            |     3 |     1 |     8 ||    12
Armor: Scale mail        |    19 |    21 |    68 ||   108
Dodge: Dodged            |    21 |    39 |    54 ||   114
Block: Buckler           |     9 |    20 |    33 ||    62
